 Dungeon Crawl Stone Soup version 0.26-b1-59-ge38874ec40 (webtiles) character file.

Game seed: 6492726843419859796

87 oldmanjim the Caller (level 4, -1/35 HPs)
             Began as a Formicid Summoner on Jan 9, 2021.
             Slain by an orc priest
             ... wielding a +0 flail
              (4 damage)
             ... on level 3 of the Dungeon.
             The game lasted 00:17:26 (2047 turns).

oldmanjim the Caller (Formicid Summoner)            Turns: 2047, Time: 00:17:27

Health: -1/35      AC:  5    Str: 13    XL:     4   Next: 80%
Magic:  7/7        EV: 10    Int: 15    God:
Gold:   156        SH:  0    Dex: 11    Spells: 6/7 levels left

rFire    . . .     SeeInvis +   a - +0 spear
rCold    . . .     Faith    .   (no shield)
rNeg     . . .     Spirit   .   i - +0 ring mail
rPois    .         Reflect  .   (helmet unavailable)
rElec    .         Harm     .   (no cloak)
rCorr    .         Rampage  .   (no gloves)
Will     .....                  (no boots)
Stlth    ++........             d - amulet of regeneration
HPRegen  0.51/turn              (no ring)
MPRegen  0.10/turn              (no ring)

@: no status effects
A: permanent stasis, dig shafts and tunnels, four strong arms, antennae 3
a: Dig, Shaft Self


You were on level 3 of the Dungeon.
You visited 1 branch of the dungeon, and saw 3 of its levels.

You collected 156 gold pieces.

Inventory:

Hand Weapons
 a - a +0 spear (weapon)
 b - a +0 hunting sling
 l - a +0 dagger
Missiles
 c - 118 stones
 u - 8 poisoned darts
 v - a throwing net
Armour
 f - a +0 robe
 i - a +0 ring mail (worn)
 t - a +0 plate armour
Jewellery
 d - an amulet of regeneration (around neck)
 p - a cursed -4 ring of dexterity {unknown}
Scrolls
 g - 4 scrolls of enchant armour {unknown}
 j - a scroll of amnesia {unknown}
 k - a scroll of random uselessness {unknown}
 m - 2 scrolls of identify {unknown}
 o - a scroll of enchant weapon {unknown}
 r - a scroll of teleportation {unknown}
 s - a scroll of remove curse {unknown}
Potions
 e - a potion of lignification {unknown}
 h - a potion of magic
 n - a potion of haste {unknown}
 q - a potion of cancellation {unknown}
 w - a potion of heal wounds {unknown}
 x - a potion of ambrosia {unknown}


   Skills:
 * Level 3.5 Fighting
 - Level 1.7 Dodging
 + Level 3.9 Stealth
 - Level 2.1 Spellcasting
 - Level 4.0 Summonings


You had 6 spell levels left.
You knew the following spells:

 Your Spells              Type           Power        Failure   Level
a - Summon Small Mammal   Summ           52%          10%         1

Your spell library contained the following spells:

 Spells                   Type           Power        Failure   Level
 Call Imp                 Summ           13%          14%         2
 Call Canine Familiar     Summ           13%          28%         3
 Summon Guardian Golem    Hex/Summ       7%           54%         3
 Summon Ice Beast         Ice/Summ       7%           91%         4
 Summon Lightning Spire   Summ/Air       7%           91%         4


Dungeon Overview and Level Annotations

Branches:
Dungeon (3/15)

Altars:
Ru


Innate Abilities, Weirdness & Mutations

You cannot be hasted, slowed, berserked, paralysed or teleported.
You can dig through walls and to a lower floor.
Your four strong arms can wield two-handed weapons with a shield.
You have a pair of large antennae on your head. (SInv)


Message History

The orc hits your rat with a +0 hand axe.
Your bat hits the orc priest but does no damage.
The orc priest closely misses you.
You barely miss the kobold.
Your bat barely misses the orc priest.
Your bat hits the orc priest. The kobold closely misses you.
Your rat bites the orc.
The orc closely misses your rat. The orc barely misses you.
The orc barely misses your bat.
You barely miss the orc priest.
The orc priest is lightly wounded.
Your bat closely misses the orc priest. x2; The orc priest barely misses you.
The kobold hits you.
* * * LOW HITPOINT WARNING * * *
Your rat bites the orc but does no damage.
The orc hits you with a +0 hand axe.
* * * LOW HITPOINT WARNING * * *
The orc barely misses your bat. The orc barely misses your rat.
It was a potion of magic.
Magic courses through your body.
Your bat closely misses the orc priest.
The orc priest hits you with a +0 flail.
You die...

.<.. (<.# #(###..# ..##
....# ##......#
#.#######............#†.##
#.)..........######.##.##
###..........# ###.#..#
........##### #.....##
.......## #.#†###
..>###.## ###K#.#
.#####..## ##o@.#.#
.....##..# #bo###.#
####.....#####r###..##
#####......b..(.).#
#.####........#
#.##..........#
#.#..###......# #...#
#......# #..# #......#


You could see an orc priest, an orc, a kobold, 2 friendly bats and a friendly
rat (summoned).

Vanquished Creatures
  An adder (D:3)
  An ooze (D:3)
  3 dart slugs
  2 leopard geckos
  6 orcs (D:3)
  2 giant cockroaches
  10 goblins
  6 hobgoblins
  A quokka (D:3)
  A ball python (D:3)
  9 bats
  A frilled lizard (D:2)
  8 kobolds
  6 rats
57 creatures vanquished.

Vanquished Creatures (collateral kills)
  A giant cockroach (D:3)
1 creature vanquished.

Grand Total: 58 creatures vanquished

Notes
Turn   | Place    | Note
-------+----------+-------------------------------------------
     0 | D:1      | oldmanjim the Formicid Summoner began the quest for the
                  | Orb.
     0 | D:1      | Reached XP level 1. HP: 13/13 MP: 3/3
   127 | D:1      | Reached skill level 1 in Fighting
   136 | D:1      | Reached XP level 2. HP: 21/21 MP: 5/5
   643 | D:1      | Reached XP level 3. HP: 27/27 MP: 6/6
  1127 | D:2      | Found a sacrificial altar of Ru.
  1770 | D:3      | Reached XP level 4. HP: 29/35 MP: 4/7
  2047 | D:3      | Slain by an orc priest

Illustrated notes

Levels and vault maps discovered:
D:1:      dpeg_arrival_windows_large_door, layout_basic, st_stairs_5,
          minmay_distorted
D:2:      layout_basic, nicolae_ru_the_path_less_chosen
D:3:      layout_rooms

Skill      XL: |  1  2  3 |
---------------+----------+-----
Fighting       | 1 2 3 |  3.5
Stealth        | 3 |  3.9
Dodging        | |  1.7
Spellcasting   | |  2.1
Summonings     | |  4.0

Action                   |  1- 3 |  4- 6 || total
-------------------------+-------+-------++-------
Melee: Unarmed           |     3 |       ||     3
       Dagger            |    26 |       ||    26
       Spear             |    39 |    75 ||   114
 Fire: Hunting sling     |   100 |    25 ||   125
 Cast: Summon Small Mamm |     4 |     3 ||     7
  Use: Potion            |       |     1 ||     1
Armor: Robe              |     2 |       ||     2
       Ring mail         |    35 |    34 ||    69
Dodge: Dodged            |    54 |    45 ||    99
